[Event "Czech Open-GM 2022"]
[Site "Pardubice"]
[Date "2022.07.23"]
[Round "2.32"]
[White "Bokhnak, Timofey"]
[Black "Farkas, Gabor"]
[Result "1/2-1/2"]
[ECO "B22"]
[WhiteElo "2098"]
[BlackElo "2335"]
[Annotator "TA"]
[PlyCount "126"]
[EventDate "2022.07.22"]
[EventType "swiss"]
[EventCountry "CZE"]
[SourceTitle "playchess.com"]
[Source "ChessBase"]
[SourceQuality "1"]
[TimeControl "40/5400+30:1800+30"]

1. e4 c5 2. c3 Nf6 3. e5 Nd5 4. Bc4 e6 5. Nf3 Be7 6. O-O {[%emt 0:01:57] B22: Sicilian: 2 c3.} d6 7. exd6 Qxd6 8. d4 cxd4 9. Nxd4 Nb6 {[%emt 0:16:01] [#]} ({Better is} 9... O-O $11) 10. Bd3 $146 (10. Nb5 $5 Qc6 11. Bd3 $14) ({Predecessor:} 10. Bb3 O-O 11. Qf3 Nc6 12. Be3 Nxd4 13. Bxd4 e5 14. Be3 Qc6 15. Nd2 Bd7 16. Rfe1 {1-0 (46) Wach,M (2381)-Horvath,T (2375) Austria 2001}) 10... a6 11. Qf3 O-O 12. Rd1 e5 (12... Nd5 $14) 13. Nf5 $16 {[%emt 0:08:25] White is more active.} Bxf5 14. Bxf5 Qc7 15. Be4 Nc6 $1 16. Be3 g6 17. Nd2 Nd8 (17... f5 $11) 18. Qg3 (18. Bh6 $16) 18... Na4 $11 19. Rab1 f5 $1 20. Bd5+ Kg7 $1 21. Bg5 ({Don't blunder} 21. Qh3 $2 f4 22. Ne4 fxe3 $19) 21... Bxg5 22. Qxg5 Nf7 23. Qg3 Rae8 24. Nf3 Nb6 25. Bb3 Re7 26. Re1 Nc4 27. Qh4 b5 28. Re2 h6 29. Rbe1 Rfe8 30. g4 (30. a4 $11) 30... fxg4 (30... f4 $15 31. Bxc4 bxc4) 31. Qxg4 Qc6 32. Bc2 {[%emt 0:02:18][%cal Of3d4] [#] Hoping for Nd4!} Qf6 33. h4 (33. Qg3 $11) 33... h5 34. Qg3 Ncd6 (34... Nxb2 $5 35. Qxg6+ Qxg6+ 36. Bxg6 Kxg6 37. Rxb2 Kf5 $15) 35. Ng5 Nf5 36. Bxf5 Qxf5 37. Re4 Nxg5 38. hxg5 Re6 39. R1e3 R8e7 40. Kg2 Re8 41. Kg1 Kg8 42. a3 R6e7 43. Kh2 Rf8 44. Kg1 Rfe8 45. Kh2 Rd8 46. Re2 ({Not} 46. Rxe5 $2 h4 47. Rxf5 hxg3+ 48. fxg3 Rd2+ 49. Kh3 Rxe3 $19) 46... Rd2 {[%emt 0:05:08][%cal Od2b2] ...Rxb2! is the strong threat.} 47. Rxd2 Qxe4 {[%emt 0:00:02][%mdl 4096] Endgame KQR-KQR} 48. Rd3 Rf7 {[%emt 0:01:55] [#] aiming for ...Rf4.} 49. Re3 Qf5 (49... Qc2 {seems wilder.} 50. Rxe5 Rxf2+ 51. Kg1 Rf7) 50. Rxe5 {[%emt 0:00:00] The position is equal.} Qxf2+ 51. Qxf2 Rxf2+ {[%emt 0:00:08] KR-KR} 52. Kg3 Rxb2 53. Re6 Kf7 54. Rf6+ Kg7 55. Rxa6 Rb3 56. Ra7+ Kf8 57. Rc7 Rxa3 {[%emt 0:00:17] White must now prevent ...b4.} 58. Kf4 Ra1 59. Rc8+ Ke7 {[%emt 0:00:15] Threatens to win with ...Rf1+.} 60. Rc7+ Ke8 61. Ke5 Rf1 62. Ke6 Kd8 {[%emt 0:00:34] Prevents Rc8+.} 63. Rc5 Rf3 {[%emt 0:00:58] Weighted Error Value: White=0.10 (very precise) /Black=0.11 (very precise)} 1/2-1/2

[Event "Czech Open-GM 2022"]
[Site "Pardubice"]
[Date "2022.07.23"]
[Round "2.33"]
[White "Stinka, Jakub"]
[Black "Jonsson, Gauti Pall"]
[Result "0-1"]
[ECO "E71"]
[WhiteElo "2335"]
[BlackElo "2071"]
[Annotator "TA"]
[PlyCount "70"]
[EventDate "2022.07.22"]
[EventType "swiss"]
[EventCountry "CZE"]
[SourceTitle "playchess.com"]
[Source "ChessBase"]
[SourceQuality "1"]
[TimeControl "40/5400+30:1800+30"]

1. d4 Nf6 2. c4 g6 3. Nc3 Bg7 4. e4 d6 5. h3 O-O 6. Bg5 a6 7. Nf3 c5 {[%emt 0:01:06] E90: King's Indian: Classical: Early deviations and 6 h3.} 8. dxc5 dxc5 9. Qxd8 Rxd8 {[%emt 0:00:09] White has an edge.} 10. e5 Nfd7 11. O-O-O Nc6 12. Nd5 {[%emt 0:03:16] [#]} Kf8 $146 ({Predecessor:} 12... Ndxe5 13. Nxe7+ Kf8 14. Rxd8+ Nxd8 15. Nxe5 Bxe5 16. Nxc8 Rxc8 17. Bd3 Ne6 18. Bh6+ Bg7 19. Bxg7+ Kxg7 {½-½ (132) Gordievsky,D (2455)-Gabuzyan,H (2540) Budva 2013}) 13. Re1 h6 14. Bh4 g5 15. Bg3 {[%emt 0:00:02] [#]} e6 $1 16. Nc3 Nd4 17. Nxd4 cxd4 18. Ne4 Nxe5 19. Nxg5 d3 (19... Nxc4 $5 20. Nh7+ (20. Nxf7 $2 d3 $19) 20... Kg8 21. Bxc4 Kxh7 $17) 20. Ne4 {[%emt 0:05:01] Loses the game.} (20. Nh7+ $11 {and White stays safe.} Kg8 21. Rxe5) 20... Nxc4 $19 21. Rd1 $2 (21. b3 d2+ 22. Nxd2 Rxd2 23. Bxc4 Rxa2 24. Kb1 Rb2+ 25. Kc1) 21... Nxb2 22. Rd2 f5 23. Nc5 Bc3 24. Bf4 Bxd2+ 25. Bxd2 Nc4 ({Don't go for} 25... b6 $2 26. Kxb2 bxc5 27. Kc3 $19) 26. Bxh6+ Kf7 {[%emt 0:00:52] [#] aiming for ...d2+.} 27. Nxd3 Bd7 {[%emt 0:02:27] And now ...Bb5 would win.} 28. Be2 Kg6 {[%emt 0:03:25] Inhibits Bg5.} 29. Bf4 Rac8 30. Kb1 Ba4 31. Re1 Rd5 32. Bc1 {[%emt 0:04:40] Against Na3+} e5 {[%emt 0:01:54] Against Nf4+} 33. g4 f4 34. Bf3 (34. Ka1 $142) 34... Rb5+ ({Stronger than} 34... Rxd3 35. Be4+ Kg5 36. Bxd3 $15) 35. Ka1 Bc2 {[%emt 0:01:04] Weighted Error Value: White=0.43/Black=0.08 (flawless)} 0-1

[Event "Czech Open-GM 2022"]
[Site "Pardubice"]
[Date "2022.07.23"]
[Round "2.34"]
[White "Nurkiewicz, Maciej"]
[Black "Ret, Adam Josef"]
[Result "1/2-1/2"]
[ECO "C41"]
[WhiteElo "2332"]
[BlackElo "2023"]
[Annotator "TA"]
[PlyCount "72"]
[EventDate "2022.07.22"]
[EventType "swiss"]
[EventCountry "CZE"]
[SourceTitle "playchess.com"]
[Source "ChessBase"]
[SourceQuality "1"]
[TimeControl "40/5400+30:1800+30"]

1. e4 d6 2. d4 Nf6 3. Nc3 e5 4. Nf3 Nbd7 5. Bc4 Be7 6. O-O O-O 7. Re1 c6 8. a4 b6 9. d5 {[%emt 0:01:44] 9.h3 is more fashionable.} cxd5 10. Nxd5 Nxd5 {[%emt 0:01:22] C41: Philidor Defence.} 11. Bxd5 Rb8 12. b3 Nf6 13. Ba3 Nxd5 14. Qxd5 Bb7 15. Qd3 Qc7 16. Rad1 Rbd8 17. c4 {[%emt 0:01:40] [#]} Kh8 $146 ({Predecessor:} 17... Qc6 18. Nd2 Rfe8 19. Nf1 f5 20. Ne3 Qxe4 21. Qxe4 Bxe4 22. f3 f4 23. fxe4 fxe3 24. Rxe3 {½-½ (68) Wessendorf,T (2319)-Vogelmann,P (2287) Germany 2007}) 18. Nd2 g6 19. Nb1 f5 20. f3 Bc6 21. Nc3 Qb7 22. Nd5 (22. Qc2 {keeps more tension.} fxe4 23. Nxe4 d5 24. cxd5 Bxd5 25. Bb2) 22... Bxd5 23. Qxd5 Qxd5 24. Rxd5 fxe4 25. Rxe4 Kg8 26. Kf2 Kf7 27. Ke2 Ke6 28. g3 {[%emt 0:00:20][%cal Bg2g3,Bg3g4][%mdl 32] White is more active.} g5 {[%emt 0:00:14] Against f4} 29. Bb2 {[%emt 0:15:50][%cal Rb2e5] Strongly threatening Bxe5!} Rf5 30. g4 Rf7 {[%emt 0:01:07] The position is equal.} 31. a5 Bf6 32. Kf2 Rb8 33. Rb5 Rfb7 {[%emt 0:00:21] And now ...bxa5 would win.} 34. a6 Rc7 35. Ba3 {[%emt 0:00:23] Prevents Rc5.} Rh8 36. Rd5 Be7 {[%emt 0:00:37] Weighted Error Value: White=0.08 (flawless) /Black=0.07 (flawless)} 1/2-1/2

[Event "Czech Open-GM 2022"]
[Site "Pardubice"]
[Date "2022.07.23"]
[Round "2.35"]
[White "Jirousek, Jan"]
[Black "Mladek, Richard"]
[Result "1/2-1/2"]
[ECO "D37"]
[WhiteElo "2094"]
[BlackElo "2330"]
[Annotator "TA"]
[PlyCount "75"]
[EventDate "2022.07.22"]
[EventType "swiss"]
[EventCountry "CZE"]
[SourceTitle "playchess.com"]
[Source "ChessBase"]
[SourceQuality "1"]
[TimeControl "40/5400+30:1800+30"]

1. d4 d5 2. c4 e6 3. Nc3 Nf6 4. Nf3 a6 5. cxd5 exd5 6. Bf4 c5 7. dxc5 Bxc5 8. e3 Nc6 9. Be2 {[%emt 0:08:32] D32: Tarrasch Defence: Sidelines and lines without g3.} O-O 10. O-O Be6 11. Rc1 Qe7 {[%emt 0:02:21] [#]} 12. Ne5 $146 ({Predecessor:} 12. Na4 Bd6 13. Bxd6 Qxd6 14. Nd4 Ne4 15. Bf3 Ne5 16. Nxe6 Qxe6 17. Nc3 Nxf3+ 18. gxf3 Nxc3 19. Rxc3 Rad8 20. Qd4 Rd6 21. Kh1 Qh3 22. Qg4 Qxf1+ {0-1 (22) Villegas,P (2367)-Tristan,L (2535) Chess.com INT 2021}) 12... Ba7 13. Bf3 Rac8 14. Qa4 Nxe5 15. Bxe5 Nd7 (15... Rc4 $11 16. Qb3 Ne4) 16. Bg3 $14 {[%emt 0:02:43] White is more active.} Nb6 17. Qc2 Rfd8 18. Rfd1 h6 19. b3 Qf6 20. Qd2 Rc6 {[%emt 0:06:08] [#]} (20... Bb8 $16 {might work better.}) 21. e4 $1 $18 Rcc8 22. Nxd5 Bxd5 23. Rxc8 Nxc8 {[%emt 0:00:17] [#]} 24. exd5 (24. e5 $1 $18 Qe7 25. Bxd5) 24... Nd6 25. Bxd6 ({Better is} 25. Qb4) 25... Qxd6 26. Re1 Bc5 27. Qe2 Bb4 28. Rc1 Kf8 29. Qc2 Re8 30. Qc4 Ba3 {[%emt 0:00:51] Threatens to win with ...b5.} 31. Rf1 Qc5 32. Qxc5+ Bxc5 $14 {[%emt 0:00:01][%mdl 4096] Endgame KRB-KRB} 33. Rd1 Bd6 34. Kf1 Rc8 {[%emt 0:00:08] The position is equal.} 35. Be4 g6 36. h3 Ke7 37. Ke2 b6 38. g3 {[%emt 0:02:54] Black defended with fortune.  Weighted Error Value: White=0.14 (very precise) /Black=0.15 (very precise)} 1/2-1/2

[Event "Czech Open-GM 2022"]
[Site "Pardubice"]
[Date "2022.07.23"]
[Round "2.36"]
[White "Vojta, Jakub"]
[Black "Vestfal, Jan"]
[Result "1-0"]
[ECO "B48"]
[WhiteElo "2326"]
[BlackElo "1918"]
[Annotator "TA"]
[PlyCount "133"]
[EventDate "2022.07.22"]
[EventType "swiss"]
[EventCountry "CZE"]
[SourceTitle "playchess.com"]
[Source "ChessBase"]
[SourceQuality "1"]
[TimeControl "40/5400+30:1800+30"]

1. e4 c5 2. Nf3 e6 3. d4 cxd4 4. Nxd4 Nc6 5. Nc3 Qc7 6. Be3 a6 7. g4 {[%emt 0:00:04] B48: Sicilian: Taimanov: 5 Nc3 Qc7 6 Be3 a6 without Be2.} b5 8. Nxc6 Qxc6 9. Qd2 {[%emt 0:00:05] The position is equal.} Nf6 ({Black should try} 9... b4 $11 10. Ne2 Qxe4) 10. f3 $14 d6 11. O-O-O Bb7 12. Ne2 {[%emt 0:21:46] White is more active.} Nd7 13. Nd4 Qc7 14. Kb1 {[%emt 0:09:50][%cal Oc2c4] [#]} d5 $146 {[%emt 0:08:51] Inhibits c4.} ({Predecessor:} 14... Ne5 15. h4 Be7 16. g5 Rc8 17. Rg1 O-O 18. h5 d5 19. f4 Nc4 20. Qf2 Nxe3 21. Qxe3 {1-0 (38) Petkidis,A (2416)-Weber,S (2265) Bassano del Grappa 2022}) 15. exd5 Bxd5 16. Rg1 Be7 ({Black should play} 16... Bc5 $15) 17. f4 O-O-O (17... O-O $11) 18. a4 $1 $16 b4 $2 {[%emt 0:08:14] A mistake that costs the game.} (18... Nb6 $16) 19. Bxa6+ $18 Kb8 20. g5 Qa5 {[%emt 0:02:53] [#]} (20... Ka8 {is a better defense.} 21. Be2 Rc8) 21. Bc4 $1 Bb7 (21... Nb6 22. Bxd5) 22. Qf2 Nc5 23. Nb3 Nxb3 24. Bxb3 {[%emt 0:00:18] aiming for Bb6.} ({Resist} 24. cxb3 $6 Rxd1+ 25. Rxd1 Rc8 $16) 24... Kc7 {[%emt 0:03:50] Against Bb6+} 25. Bd4 Bc6 26. Bxg7 Rxd1+ $2 (26... Bc5 27. Qe2 Bxg1) 27. Rxd1 Ra8 28. Qe2 Bxa4 29. Qe5+ (29. Be5+ Kb6 30. Bxa4 Qxa4 31. Bd4+ Kb7 32. Qe4+ Qc6 33. Qxh7 b3 34. cxb3 Qf3 $18) 29... Qxe5 30. Bxe5+ Kc6 31. Bxa4+ Rxa4 {[%emt 0:00:03][%mdl 4096] Endgame [#] KRB-KRB} 32. Rd3 $1 Ra5 {[%emt 0:00:47] [#]} 33. Rh3 $1 Bxg5 34. Rxh7 ({Weaker is} 34. fxg5 Rxe5 35. Rxh7 Rxg5 $11) 34... f6 35. fxg5 Rxe5 36. gxf6 {[%emt 0:00:17] KR-KR} Rf5 37. f7 {Strongly threatening h4.} b3 $2 (37... Kd6 38. b3 e5) 38. cxb3 {[%emt 0:00:44] And now b4 would win.} Rf2 39. Kc1 {[%emt 0:02:15] b4 is the strong threat.} e5 40. Kd1 e4 41. Ke1 e3 42. Rh3 Rxf7 43. Rxe3 Rf4 44. Ke2 Rh4 45. h3 Kd5 46. Kd3 Rf4 47. Kc3 Rf2 48. b4 Rh2 49. b5 Kc5 50. Re5+ Kb6 51. Rh5 Rf2 52. h4 Rf4 53. Kd3 Rb4 54. b3 Rxb3+ 55. Kc4 {[%emt 0:00:02] White mates.} Rh3 56. Rh6+ Kb7 57. Kc5 Rc3+ 58. Kd6 Rb3 59. Rh5 Kb6 60. Re5 Rb1 61. h5 Rh1 62. Ke6 Kc7 63. Rg5 Rd1 64. Rc5+ Kb6 65. Rd5 Rf1 66. Rf5 Rd1 67. Kf6 {[%emt 0:00:07] Weighted Error Value: White=0.18 (very precise) /Black=0.36} 1-0

[Event "Czech Open-GM 2022"]
[Site "Pardubice"]
[Date "2022.07.23"]
[Round "2.37"]
[White "Salem Eid, Ahmed"]
[Black "Dixit, Nikhil"]
[Result "0-1"]
[ECO "C07"]
[WhiteElo "2165"]
[BlackElo "2325"]
[Annotator "TA"]
[PlyCount "69"]
[EventDate "2022.07.22"]
[EventType "swiss"]
[EventCountry "CZE"]
[SourceTitle "playchess.com"]
[Source "ChessBase"]
[SourceQuality "1"]
[TimeControl "40/5400+30:1800+30"]

1. e4 e6 2. d4 d5 3. Nd2 c5 4. dxc5 Bxc5 5. Bd3 Nf6 6. Qe2 Nc6 7. Ngf3 O-O 8. c3 e5 9. O-O Bg4 {[%emt 0:02:55] D05: Colle System with ...e6.} 10. h3 Bh5 11. b4 (11. exd5 $11 Qxd5 12. Ne4) 11... Bb6 $15 {[%emt 0:02:36] Black is slightly better.} 12. b5 {[%emt 0:01:04] [#]} Ne7 $146 ({Predecessor:} 12... Nb8 13. g4 dxe4 14. Nxe4 Bg6 15. Bg5 Nbd7 16. Rfd1 Qc7 17. Rac1 Nxe4 18. Bxe4 Bxe4 19. Qxe4 {0-1 (31) Heyland,W-Harms,P Wiesbaden 1998}) 13. g4 $2 {[%emt 0:01:43][%mdl 8192] [#]} ({Better is} 13. c4 $15) 13... Ng6 $1 $19 {[%emt 0:05:27] ...Nf4 is the strong threat.} 14. Nb3 {[%emt 0:11:23] [#]} Nxg4 15. hxg4 Bxg4 16. Qd1 Qf6 17. Be2 $2 (17. Bg5 Qxf3 18. Qxf3 Bxf3 19. exd5) 17... dxe4 18. Nh2 Bh3 19. Bg4 Bxf1 20. Qxf1 Nf4 21. c4 h5 22. Bxf4 (22. Be2 $142 Bd4 23. Bxf4 Bxa1 24. Bd2) 22... exf4 {[%emt 0:01:20] Black is clearly winning.} 23. Bd1 f3 24. Rc1 Qh4 {[%emt 0:01:09] Threatens to win with ...Bc7.} 25. Bxf3 Bc7 26. Qg2 exf3 27. Nxf3 Qf6 28. Nc5 Rfe8 29. Rd1 Rad8 30. Rd5 Rxd5 31. cxd5 b6 32. Nb3 Re4 {[%emt 0:01:14] And now ...Rg4 would win.} 33. Qh3 Rg4+ 34. Kf1 Qf5 {[%emt 0:00:55] ( -> ...Qd3+)} 35. Nbd4 {[%emt 0:00:20] Black took control after the opening.  Weighted Error Value: White=1.01/Black=0.16 (very precise)} 0-1

[Event "Czech Open-GM 2022"]
[Site "Pardubice"]
[Date "2022.07.23"]
[Round "2.38"]
[White "Slovak, Kilian"]
[Black "Levitan, Caleb Levi"]
[Result "1/2-1/2"]
[ECO "C78"]
[WhiteElo "2321"]
[BlackElo "1826"]
[Annotator "TA"]
[PlyCount "134"]
[EventDate "2022.07.22"]
[EventType "swiss"]
[EventCountry "CZE"]
[SourceTitle "playchess.com"]
[Source "ChessBase"]
[SourceQuality "1"]
[TimeControl "40/5400+30:1800+30"]

1. e4 e5 2. Nf3 Nc6 3. Bb5 a6 4. Ba4 Nf6 5. O-O Bc5 6. c3 b5 7. Bb3 d6 8. a4 Bg4 9. h3 Bh5 10. d3 O-O 11. Nbd2 {[%emt 0:01:17] C78: Ruy Lopez: Archangelsk and Möller Defences.} Rb8 12. Re1 Re8 (12... b4 $11) 13. Nf1 {[%emt 0:01:56] [#]} (13. axb5 $16 axb5 14. Nf1) 13... Na5 $146 ({Predecessor:} 13... d5 14. exd5 Na5 15. Bc2 b4 16. d4 exd4 17. Rxe8+ Qxe8 18. cxd4 Bxf3 19. Qxf3 Bxd4 {1-0 (37) Gallagher,J (2501)-Kosteniuk,A (2497) Leukerbad 2011}) 14. Bc2 b4 15. Ng3 Bg6 (15... bxc3 $11 {keeps the balance.} 16. bxc3 Bg6) 16. Bg5 $1 $16 h6 17. Bh4 b3 18. Bb1 Ba7 19. Nh2 (19. Qd2 $16) 19... Qd7 $2 (19... d5 $14) 20. Bxf6 $18 gxf6 21. Nh5 Qe6 22. Ng4 Bxh5 (22... Kf8 $142) 23. Nxh6+ {[%emt 0:00:10][%mdl 64] Discovered Attack} Kf8 24. Qxh5 {[%emt 0:00:13] And now Nf5 would win.} Ke7 25. d4 Rf8 26. Bd3 c6 27. Rad1 Kd8 28. Bxa6 (28. dxe5 fxe5 29. Bxa6 Kc7 $18) 28... Kc7 29. Nf5 d5 30. exd5 cxd5 31. Bb5 Rg8 {[%emt 0:01:16] Prevents Ng7.} 32. Qf3 {[%emt 0:01:59] aiming for dxe5.} Rg5 33. Ne3 e4 34. Qf4+ Kb7 35. h4 Rh5 36. Be2 Rh7 37. h5 Rg8 38. Qf5 $2 (38. Bg4 Rxg4 39. Qxg4 (39. Nxg4 Bb8 $11)) 38... Rhg7 39. g3 (39. Qxd5+ $2 Qxd5 40. Ba6+ (40. Nxd5 $2 Rxg2+ 41. Kh1 Bb8 $19) 40... Kxa6 $19) 39... Rg5 40. Qxe6 fxe6 41. Kh2 f5 42. Rg1 Bb8 43. Kh1 Bc7 44. Rg2 Nc6 45. Rdg1 Ne7 46. Ra1 Nc6 47. Rag1 Ne7 $1 48. Bd1 (48. Re1 $18) 48... Bd6 (48... Kc6 $16 49. Be2 (49. Bxb3 f4 $17) 49... Kb7) 49. Nf1 ({Weaker is} 49. Bxb3 Rxh5+ 50. Rh2 Rxh2+ 51. Kxh2 f4 $15) 49... Kc7 (49... Rh8 $16 50. Ne3 (50. Bxb3 Rgxh5+ 51. Rh2 Rxh2+ 52. Nxh2 f4 $11) 50... Rg7) 50. Nd2 Rh8 51. f4 exf3 52. Bxf3 Ng8 53. Nxb3 Nf6 54. Rh2 Bxg3 (54... Ne4 {is a better defense.}) 55. Nc5 Kd6 56. Rh3 f4 57. b4 e5 58. dxe5+ Rxe5 {[%emt 0:00:00] [#]} 59. Rd1 $1 Re3 60. Rd3 (60. Kg2 $18) 60... Rhe8 {[%emt 0:00:00] [#]} 61. h6 $2 (61. Rxe3 $1 $18 Rxe3 62. Kg2) 61... Re1+ $1 $11 {[%emt 0:00:00] The position is equal.} 62. Kg2 {[%emt 0:00:05] Strongly threatening Rd2.} R8e2+ 63. Bxe2 Rxe2+ 64. Kg1 Re1+ 65. Kg2 Re2+ 66. Kf1 Re1+ 67. Kg2 Ke5 $2 {[%mdl 40960] Weighted Error Value: White=0.27 (precise) /Black=0.34. An unexpected result.} (67... Re2+ $11 68. Kf1 Re1+ 69. Kg2) 1/2-1/2

[Event "Czech Open-GM 2022"]
[Site "Pardubice"]
[Date "2022.07.23"]
[Round "2.39"]
[White "Livaic, Leon"]
[Black "Rakshitta Ravi"]
[Result "1-0"]
[ECO "C32"]
[WhiteElo "2576"]
[BlackElo "2185"]
[Annotator "TA"]
[PlyCount "81"]
[EventDate "2022.07.22"]
[EventType "swiss"]
[EventCountry "CZE"]
[SourceTitle "playchess.com"]
[Source "ChessBase"]
[SourceQuality "1"]
[TimeControl "40/5400+30:1800+30"]

1. e4 e5 2. f4 d5 3. exd5 e4 4. d3 Nf6 5. dxe4 Nxe4 6. Nf3 Bc5 7. Qe2 f5 ({Not} 7... Bf2+ 8. Kd1 Qe7 9. Ne5 $16) 8. Be3 {[%emt 0:01:26] Bxc5 is the strong threat. C32: Falkbeer Counter Gambit: 3 exd5 e4 4 d3 Nf6.} ({Much worse is} 8. Nc3 O-O $14) 8... Qxd5 (8... O-O $1 $14) 9. Bxc5 $16 Qxc5 10. Nc3 {[%emt 0:00:25] Hoping for 0-0-0. White is better.} O-O 11. Nxe4 fxe4 12. Qxe4 Kh8 13. O-O-O $1 {[%emt 0:02:06][%cal Ba1d1,Bd1d5,Bd5c5][%mdl 32] Threatens to win with Bd3.} Bf5 {[%emt 0:00:24] [#]} 14. Rd5 $146 {[%emt 0:19:32] White is more active.} ({Predecessor:} 14. Qc4 Qe3+ 15. Kb1 Nc6 16. Bd3 Be6 17. Qb5 Qxf4 18. Ng5 Bg8 19. h4 Qb4 20. c3 Qxb5 21. Bxb5 {0-1 (74) Moser,E (2361)-Neubauer,M (2370) Mureck 2001}) 14... Bxe4 15. Rxc5 Nc6 {[%emt 0:09:17] [#]} 16. Ng5 $1 Rxf4 17. Nxe4 Rxe4 {[%emt 0:00:06] [#]} 18. Ba6 $1 Nd8 {[%emt 0:10:23] [#]} (18... Rb8 $16) 19. Rf1 $1 $18 Re8 {[%emt 0:00:38] [#] Prevents Rf8+.} 20. Re5 $3 Rg8 21. Bb5 $36 {[%emt 0:02:11][%mdl 2048] White has strong initiative.} a6 22. Ba4 Nc6 23. Bxc6 bxc6 {[%emt 0:00:05][%mdl 4096] Endgame KRR-KRR} 24. Re7 Raf8 25. Rxf8 Rxf8 26. Rxc7 {[%emt 0:04:39] KR-KR} h5 $2 (26... Rf1+ 27. Kd2 g5) 27. b4 Rf6 28. g3 Kh7 (28... Kg8 $142 29. Ra7 c5 30. bxc5 Kf8) 29. Kb2 Kg6 30. a4 Rd6 31. Kb3 Kf6 32. Ra7 Rd2 33. Rxa6 Rxh2 34. Rxc6+ Ke7 35. Rc7+ Kf6 36. a5 {[%emt 0:00:06][%cal Ba4a5,Ba5a6,Ba6a7][%mdl 32] aiming for a6.} Rh3 37. Rc3 (37. a6 $142 Rxg3+ 38. c3) 37... g5 38. a6 {[%emt 0:00:05] White mates.} Rh1 39. Kb2 Re1 40. a7 Re8 41. b5 {[%emt 0:30:05] Weighted Error Value: White=0.03 (flawless) /Black=0.59} 1-0

[Event "Czech Open-GM 2022"]
[Site "Pardubice"]
[Date "2022.07.23"]
[Round "2.40"]
[White "Stocek, Jiri"]
[Black "Brozka, Karel"]
[Result "1-0"]
[ECO "D55"]
[WhiteElo "2548"]
[BlackElo "2188"]
[Annotator "TA"]
[PlyCount "169"]
[EventDate "2022.07.22"]
[EventType "swiss"]
[EventCountry "CZE"]
[SourceTitle "playchess.com"]
[Source "ChessBase"]
[SourceQuality "1"]
[TimeControl "40/5400+30:1800+30"]

1. Nf3 Nf6 2. c4 e6 3. Nc3 d5 4. d4 Be7 5. Bg5 O-O 6. e3 b6 7. Bd3 Bb7 8. O-O Nbd7 9. Rc1 {[%emt 0:11:50] 9.Qe2 gains popularity.} c5 10. Qe2 cxd4 {[%emt 0:02:41] E12: Queen's Indian: Unusual White 4th moves, 4 a3, 4 Nc3 Bb7 5 a3 and 4 Nc3 Bb7 .} 11. exd4 Rc8 12. cxd5 Nxd5 {[%emt 0:20:48] [#] The position is equal.} 13. Nxd5 $146 ({Predecessor:} 13. Bxe7 Qxe7 14. Nxd5 Bxd5 15. b3 h6 16. Ba6 Bxf3 17. Qxf3 Rxc1 18. Rxc1 {1-0 (42) Quintero Rangel,E (1879)-Aguirre Reyes,J (1546) Santander 2011}) 13... Bxg5 14. Rxc8 Bxc8 {[%emt 0:00:38] This bishop pair is nice.} 15. Qe4 g6 16. Nb4 ({Better is} 16. Nxg5 $11 Qxg5 17. Ne3) 16... Bh6 (16... Nf6 $5 17. Qe5 Bh6 $11) 17. Nc6 Qc7 18. Ne7+ Kg7 19. Nxc8 Rxc8 20. g3 Nf6 (20... Rd8 {keeps more tension.} 21. Rd1 Nf6 22. Qe5 Qb7) 21. Qe2 Qd6 22. Rd1 (22. Qe5 {is more complex.} Rd8 23. Rd1 Qe7 24. Qe2) 22... Qd5 23. b4 Kg8 (23... Qd8 $15) 24. b5 Rc1 25. Rxc1 Bxc1 26. Bc4 Qd6 27. Qc2 Bh6 28. Bb3 Bf8 29. Ne5 Be7 30. Qc8+ Kg7 31. Nc6 Ne4 32. Qb8 Qa3 33. Qe5+ Nf6 34. Kg2 Bd6 {[%emt 0:00:35] Inhibits Qb8.} 35. Qe2 h5 36. Nd8 Be7 $1 37. Nc6 {[%emt 0:00:32][%cal Od4d5] d5! is the strong threat.} Bd6 38. Qd2 h4 39. Qe2 hxg3 40. hxg3 Bc7 41. Qc4 Nd5 42. Qc2 Ne7 43. Qc3 Nxc6 44. bxc6 $11 {[%emt 0:00:26][%mdl 4096] Endgame KQB-KQB} Kg8 45. Qc4 Qd6 46. Qa4 Kg7 47. Bd1 b5 48. Qxb5 Qxd4 49. Bf3 Bb6 50. Qe2 Qc5 51. Qb2+ Kg8 52. Kg1 Qd6 {[%emt 0:01:00] Black wants to play ...Qxg3+.} 53. Kf1 Qc5 54. Qd2 Qc4+ (54... Ba5 {is interesting.} 55. Qb2 Kf8 56. Kg2 Bb6) 55. Kg2 Qc5 (55... Kg7 {looks sharper.} 56. Qb2+ Kf8 57. Qa3+ Kg8) 56. Qe2 Qc3 57. Be4 f5 58. Bf3 Kf7 59. a4 Qc5 60. Qd2 Kf6 61. Kh3 g5 {[%emt 0:01:07] aiming for ...g4+.} (61... Qxf2 $2 62. Qxf2 Bxf2 63. c7 $18) 62. g4 fxg4+ (62... Qxf2 $2 63. Qxf2 Bxf2 64. c7 $18) 63. Kxg4 Qf5+ 64. Kg3 Bc7+ 65. Kg2 g4 66. Qd4+ Kg5 (66... e5 $11 {keeps the balance.} 67. Qxg4 Qxg4+ 68. Bxg4 e4) 67. Qg7+ $1 $16 Kh5 68. Qxc7 {[%emt 0:01:02] Really sharp!} Qxf3+ $2 {[%emt 0:00:48] KQ-KQ} (68... gxf3+ $16 {keeps fighting.} 69. Kh2 Qe4) 69. Kg1 $18 Qd1+ 70. Kh2 Qxa4 $2 (70... Qd5 $18) 71. Qf7+ Kg5 72. Qxe6 (72. Qe7+ $142 Kh5 73. Qc5+ e5 74. Qxe5+ Kg6 75. Qd6+ Kh7 76. Qd7+ Kh8 77. Qe8+ Kg7 78. Qe5+ Kg6 79. Qd6+ Kh7 80. c7) 72... Qf4+ 73. Kg1 (73. Kg2 $142) 73... g3 {[%emt 0:00:34] [#]} 74. Qe7+ $2 (74. fxg3 $1 $18 Qxg3+ 75. Kf1) 74... Kg6 $11 75. Qe6+ $2 (75. Qxa7 $11 Qc1+ 76. Kg2 gxf2 77. Kxf2) 75... Kg5 $18 {[%emt 0:00:18] [#]} 76. Qd5+ $2 ({White must play} 76. fxg3 $1 $18 Qxg3+ 77. Kf1) 76... Kh6 $11 77. fxg3 {[%emt 0:00:35] Active counter play!} Qxg3+ 78. Kf1 {[%emt 0:00:05] Qh1+ would kill now.} Qf4+ $1 79. Ke2 {[%emt 0:00:06] White wants to mate with Qd2.} Qg4+ $2 (79... Kg7 $11) 80. Kd2 $18 Qb4+ 81. Kd1 Qg4+ 82. Kc1 {[%emt 0:00:27] White threatens Qd6+ and mate.} Qg1+ 83. Kc2 {[%emt 0:00:06] Threatens to win with c7.} Qg6+ 84. Kd2 {[%emt 0:00:05] Hoping for c7.} Qg7 $2 (84... Qf6 $18 85. Qc5 Qd8+ 86. Ke3 Qe8+ 87. Kd4 Qd8+ 88. Ke5 Qh8+ 89. Ke6 Qg8+ 90. Kd7 Qg4+ 91. Kc7 Qg7+ 92. Kb8 Qg8+ 93. Kb7 Qb3+ 94. Kxa7 Qa4+ 95. Kb7 Qb3+ 96. Qb6 Qf3) 85. Qh1+ {[%emt 0:00:15] Weighted Error Value: White=0.06 (flawless) /Black=0.04 (flawless)} 1-0